 Dungeon Crawl Stone Soup version 0.28.0 (webtiles) character file.

Game seed: 1467248770755891635

450 issech the Cudgeller (level 6, -13/51 (54) HPs)
             Began as a Troll Monk on Feb 17, 2022.
             Was a Believer of Hepliaklqana.
             Killed from afar by Dowan (21 damage)
             ... with a shard of ice
             ... on level 5 of the Dungeon.
             The game lasted 00:15:30 (4988 turns).

issech the Cudgeller (Troll Monk)                   Turns: 4988, Time: 00:15:34

HP:   -13/51 (54)   AC:  4    Str: 20    XL:     6   Next: 74%
MP:   5/5           EV: 11    Int: 12    God:    Hepliaklqana [**....]
Gold: 211           SH:  0    Dex: 14    Spells: 5/5 levels left

rFire   . . .      SeeInvis .   x - +2 whip (vamp)
rCold   + . .      Faith    .   G - orb {mayhem}
rNeg    . . .      Spirit   .   b - +0 robe
rPois   .          Reflect  .   (helmet restricted)
rElec   .          Harm     .   n - scarf {shadows}
rCorr   .          Rampage  .   (gloves unavailable)
Will    .....                   (boots unavailable)
Stlth   ++........              (no amulet)
HPRegen 0.97/turn               f - +6 ring of intelligence
MPRegen 0.09/turn               E - ring of protection from cold

@: drained
A: reduced essence, large, unfitting armour, claws 3, regeneration 1, shaggy fur
1, tough skin 1
a: Renounce Religion, Recall Ancestor, Ancestor Identity


You were on level 5 of the Dungeon.
You worshipped Hepliaklqana.
Hepliaklqana was pleased with you.
You visited 2 branches of the dungeon, and saw 6 of its levels.
You also visited: Sewer.

You collected 211 gold pieces.

Inventory:

Hand Weapons
 a - a +0 mace
 d - a +2 dagger of protection
 i - a +3 short sword
 u - a +0 hand crossbow
 x - a +2 vampiric whip (weapon)
 A - a +0 longbow
 C - a +0 dire flail
Missiles
 c - 119 arrows
 e - 148 stones (quivered)
 g - 33 sling bullets
 r - 18 bolts
 y - 8 poisoned darts
Armour
 b - a +0 robe (worn)
 n - a scarf of shadows (worn)
 s - a scarf of shadows
 G - an orb of mayhem (worn)
Jewellery
 f - a +6 ring of intelligence (left claw)
 E - a ring of protection from cold (right claw)
 J - a ring of magical power
Wands
 F - a wand of acid (9)
 H - a wand of flame (18)
Scrolls
 h - a scroll of summoning
 l - a scroll of enchant weapon
 q - a scroll of amnesia
 w - a scroll of teleportation
 B - 3 scrolls of torment {unknown}
 D - a scroll of fear {unknown}
 I - a scroll of fog {unknown}
Potions
 j - a potion of lignification {unknown}
 k - 2 potions of curing {unknown}
 m - a potion of attraction {unknown}
 o - 4 potions of mutation {unknown}
 p - a potion of ambrosia {unknown}
 t - 2 potions of magic {unknown}
 v - a potion of haste {unknown}
 z - a potion of invisibility {unknown}


   Skills:
 + Level 3.4 Fighting
 + Level 5.0 Maces & Flails
 + Level 3.7 Dodging
 + Level 1.9 Stealth


You had 5 spell levels left.
You didn't know any spells.
Your spell library contained the following spells:

 Spells                   Type           Power      Damage    Failure   Level
 Blink                    Tloc           0%         N/A       45%         2
 Lesser Beckoning         Tloc           0%         N/A       69%         3
 Ozocubu's Armour         Ice            0%         N/A       69%         3
 Stone Arrow              Conj/Erth      0%         3d7       69%         3
 Animate Armour           Summ/Erth      0%         N/A       97%         4
 Manifold Assault         Tloc           0%         N/A       100%        5
 Ozocubu's Refrigeration  Ice            0%         4d5       100%        7
 Lehudib's Crystal Spear  Conj/Erth      0%         10d2      100%        8


Dungeon Overview and Level Annotations

Branches:
Dungeon (5/15)             Temple (1/1) D:4           Sewer (visited)

Altars:
Ashenzari
Dithmenos
Elyvilon
Fedhas
Gozag
Hepliaklqana
Kikubaaqudgha
Makhleb
Okawaru
Ru
Vehumet
Wu Jian
Xom
Yredelemnul
Zin
The Shining One

Annotations:
D:5 Dowan


Innate Abilities, Weirdness & Mutations

Your life essence is reduced to manifest your ancestor. (-10% HP)
You are too large for most types of armour.
You have claws for hands.
Your natural rate of healing is unusually fast.
You are covered in fur. (AC +1)
You have tough skin. (AC +1)


Message History

You feel drained.
You hit Duvessa but do no damage.
Duvessa is moderately wounded.
Duvessa hits you with a +2 short sword of draining!
You feel drained.
You hit Duvessa.
Duvessa is moderately wounded.
Ferran points at Duvessa and mumbles some strange words.
The stone arrow hits Duvessa.
Duvessa hits you with a +2 short sword of draining!
You feel drained.
You hit Duvessa but do no damage.
Duvessa is heavily wounded.
You hit Duvessa.
You feel better.
Duvessa is heavily wounded.
Dowan gestures wildly while chanting.
Dowan blinks!
Ferran casts a spell at Duvessa.
The stone arrow hits Duvessa.
Duvessa closely misses you.
You hit Duvessa but do no damage.
Duvessa is severely wounded.
Duvessa hits you with a +2 short sword of draining!
* * * LOW HITPOINT WARNING * * *
You feel drained.
* * * LOW HITPOINT WARNING * * *
Duvessa says, "When magic and the sword combine, nothing stands against them."
Duvessa hits Ferran with a +2 short sword of draining.
Something hits Ferran.
Ferran hits Duvessa with a +0 quarterstaff!
Duvessa dies!
You hear a distant wail of despair.
Your Maces & Flails skill increases to level 5!
You swap places.
Dowan seems to find hidden reserves of power!
Dowan points at you and mumbles some strange words.
The stone arrow hits you!
* * * LOW HITPOINT WARNING * * *
Dowan points at you and mumbles some strange words.
The shard of ice hits you!! You partially resist.
You die...

#.# #...#
#.# #..##
#.#####..##
#.........#
#.#####.#.#
#.#.).#.#.#
#.#.#.#.#.#
#R#e#e#.# .
#@..#.#.#
#####.#.#
... ##. .


You could see the friendly Ferran the battlemage and Dowan (fast, ally target).

Vanquished Creatures
  Blork the orc (D:4)
  A jelly (D:2)
  A hound (D:4)
  A hound skeleton (D:4)
  4 adders
  A river rat (D:4)
  A worm (D:3)
  2 dart slugs (D:1)
  15 endoplasms
  5 giant cockroaches
  4 hobgoblins
  10 jackals
  3 quokkas
  4 ball pythons
  7 bats
  5 frilled lizards
  3 goblins
  32 kobolds
  7 rats
107 creatures vanquished.

Vanquished Creatures (collateral kills)
  Duvessa (D:5)
  A bullfrog skeleton (D:5)
  The ghost of ryathie the Chopper, a weakling GrBe of Trog (D:4)
  An adder (D:4)
4 creatures vanquished.

Vanquished Creatures (others)
  4 fungi (D:2)
  8 plants
  9 toadstools (D:2)
21 creatures vanquished.

Grand Total: 132 creatures vanquished

Notes
Turn   | Place    | Note
-------+----------+-------------------------------------------
     0 | D:1      | issech the Troll Monk began the quest for the Orb.
     0 | D:1      | Reached XP level 1. HP: 22/22 MP: 0/0
   218 | D:1      | Reached XP level 2. HP: 29/29 MP: 1/1
   406 | D:1      | Reached skill level 3 in Maces & Flails
  1269 | D:2      | Reached XP level 3. HP: 23/36 MP: 2/2
  1663 | D:2      | Reached XP level 4. HP: 44/44 MP: 3/3
  1900 | D:2      | Found a faded altar of an unknown god.
  2047 | D:3      | Found a glowing drain.
  2058 | Sewer    | Entered a sewer
  2249 | Sewer    | Reached skill level 4 in Maces & Flails
  2438 | Sewer    | Reached XP level 5. HP: 52/53 MP: 4/4
  3833 | D:4      | Found a glowing silver altar of Zin.
  3851 | D:4      | Noticed Blork the orc
  3867 | D:4      | Killed Blork the orc
  4141 | D:4      | Found a runed translucent door.
  4234 | D:4      | Found a staircase to the Ecumenical Temple.
  4260 | Temple   | Entered the Ecumenical Temple
  4274 | Temple   | Became a worshipper of Hepliaklqana the Forgotten
  4274 | Temple   | Reached * piety under Hepliaklqana
  4274 | Temple   | Reached ** piety under Hepliaklqana
  4276 | Temple   | Remembered your ancestor Ferran as a battlemage
  4479 | D:4      | Noticed ryathie's ghost (weakling GrBe)
  4527 | D:4      | Reached XP level 6. HP: 52/54 MP: 5/5
  4650 | D:4      | Found a runed translucent door.
  4666 | D:4      | Killed ryathie's ghost
  4872 | D:5      | Entered Level 5 of the Dungeon
  4961 | D:5      | Noticed Duvessa
  4962 | D:5      | Noticed Dowan
  4975 | D:5      | Killed Duvessa
  4976 | D:5      | Reached skill level 5 in Maces & Flails
  4988 | D:5      | Killed from afar by Dowan

Illustrated notes

Levels and vault maps discovered:
D:1:      dpeg_arrival_houses_and_road, layout_loops_corners, corner_web_ring
D:2:      cheibrodos_fertilizer, layout_loops_ring,
          hellmonk_ecumenical_altar_lost_god
D:3:      layout_basic, serial_bayou, serial_bayou_lagoon_a,
          serial_bayou_pond_a, serial_bayou_shore_a, serial_bayou_pond_a,
          cheibrodos_sewer_entry_drain
D:4:      layout_basic, overflow_temple_1_default, temple_hall,
          ebering_ghost_sewer_f, lemuel_old_faithful, uniq_blork_the_orc
D:5:      layout_loops_ring, lightli_temple_of_fire, roderic_lattice_a,
          nicolae_sextant, minmay_manual_mullet, uniq_duvessa
Temple:   regret_index_temple_waves

Skill      XL: |  1  2  3  4  5  6 |
---------------+-------------------+-----
Maces & Flails | 3 4 5 |  5.0
Fighting       | 3 |  3.4
Dodging        | 3 |  3.7
Stealth        | |  1.9

Action                   |  1- 3 |  4- 6 || total
-------------------------+-------+-------++-------
Melee: Mace              |   132 |    85 ||   217
       Punch             |       |     5 ||     5
       Whip              |       |   133 ||   133
Invok: Ancestor Life: Ba |       |     1 ||     1
  Use: Scroll            |       |     4 ||     4
 Stab: Sleeping          |     2 |     4 ||     6
       Distracted        |       |     1 ||     1
Armor: Robe              |    54 |    69 ||   123
Dodge: Dodged            |    98 |   119 ||   217
